 Dungeon Crawl Stone Soup version 0.30.0-29-ga12c61a403 (webtiles) character file.

Game seed: 11523433148576912960

76 qw the Chopper (level 4, -2/28 HPs)
             Began as a Gargoyle Fighter on June 3, 2023.
             Constricted to death by Grinder (6 damage)
             ... on level 3 of the Dungeon.
             The game lasted 00:00:51 (1330 turns).

qw the Chopper (Gargoyle Fighter)                   Turns: 1330, Time: 00:00:51

Health: -2/28      AC: 10    Str: 22    XL:     4   Next: 32%
Magic:  4/4        EV:  6    Int:  8    God:
Gold:   97         SH:  4    Dex:  9    Spells: 3/3 levels left

rFire   . . .        Y - +0 war axe
rCold   . . .        c - +0 buckler
rNeg    + . .        b - +0 scale mail
rPois   inf          (no helmet)
rElec   +            (no cloak)
rCorr   .            (no gloves)
SInv    .            (no boots)
Will    .....        (no amulet) Stlth
                     (no ring)
HPRegen 0.24/turn    (no ring)
MPRegen 0.09/turn

%: no passive effects
@: about to teleport, grasped by roots, constricted
A: sickness immunity, AC +3, negative energy resistance 1, electricity
resistance, torment resistance 1, petrification resistance
a: no special abilities


You were on level 3 of the Dungeon.
You visited 1 branch of the dungeon, and saw 3 of its levels.

You collected 97 gold pieces.


Innate Abilities, Weirdness & Mutations

You are immune to sickness and miasma.
Your stone body is resilient. (AC +3)
You are immune to poison.
You resist negative energy. (rN+)
You are resistant to electric shocks. (rElec)
You are resistant to unholy torment.
You are immune to petrification.


   Skills:
 - Level 3.2 Fighting
 + Level 4.0 Axes
 - Level 3.2 Armour
 - Level 3.2 Shields


You had 3 spell levels left.
You didn't know any spells.
Your spell library was empty.

Inventory:

Hand Weapons
 l - a +0 whip
 Y - a +0 war axe (weapon)
Armour
 b - a +0 scale mail (worn)
 c - a +0 buckler (worn)
 e - the +0 leather armour of Siumenlig {rF+ rN+ Int+3}
   (You found it on level 3 of the Dungeon)

   Int:       It affects your intelligence (+3).
   rF:        It protects you from fire.
   rN:        It protects you from negative energy.
Scrolls
 k - a scroll of identify
Potions
 a - 4 potions of curing
 d - a potion of might
 f - a potion of mutation {unknown}
 i - a potion of flight {unknown}
 j - a potion of attraction

Dungeon Overview and Level Annotations

Branches:
Dungeon (3/15)

Altars:

Annotations:
D:3 Grinder


Message History

Enter note:
1314 ||| Stepping ~*~*~tactically~*~*~ (hiding).
There is a stone staircase leading down here.
You start waiting.
Grinder is nearby!
Grinder zaps a wand.
The roots erupt in riotous growth!
The grasping roots grab you!
Grinder is unaffected.
The grasping roots constrict you!
You hit Grinder.
Grinder is lightly wounded.
Grinder gestures at you.
You suddenly lose the ability to move!
The grasping roots constrict you.
The grasping roots release their grip on you.
Grinder completely misses you.
Grinder blinks!
You can move again.
1322 ||| Stepping ~*~*~tactically~*~*~ (hiding).
There is a stone staircase leading down here.
You start resting.
Grinder is nearby!
Grinder zaps a wand.
The roots erupt in riotous growth!
The grasping roots grab you!
Grinder is unaffected.
The grasping roots constrict you.
You hit Grinder but do no damage.
Grinder is lightly wounded.
Grinder gestures at you.
You barely resist. The grasping roots constrict you.
Grinder hits you but does no damage. The grasping roots constrict you!
You closely miss Grinder. Grinder hits you but does no damage.
The grasping roots constrict you!
1329 ||| READING scroll of teleportation.
As you read the scroll of teleportation, it crumbles to dust.
You feel strangely unstable. Grinder barely misses you.
The grasping roots constrict you.
The grasping roots release their grip on you.
You closely miss Grinder.
Grinder zaps a wand.
The roots erupt in riotous growth!
The grasping roots grab you!
Grinder is unaffected.
The grasping roots constrict you.
You die...

#############.
#.............
#.####........
###'###>........
#....##@#######.
#....'5........
#....##.#######
#....#.......
#....#......#
#....#......#
#....#......#
#....#......###
#....#........7777


You could see Grinder.

Vanquished Creatures
  3 adders (D:2)
  2 worms (D:2)
  A dart slug (D:2)
  An orc (D:3)
  3 ball pythons
  2 bats
  6 endoplasms
  3 goblins (D:1)
  2 hobgoblins (D:1)
  3 jackals (D:1)
  6 kobolds (D:2)
  2 frilled lizards (D:2)
  5 rats
39 creatures vanquished.

Notes
Turn   | Place    | Note
-------+----------+-------------------------------------------
     0 | D:1      | qw the Gargoyle Fighter began the quest for the Orb.
     0 | D:1      | Reached XP level 1. HP: 14/14 MP: 1/1
     0 | D:1      | 0 ||| qw: Version: 0.2-a-103-g5a998e5
     0 | D:1      | 0 ||| qw: Game counter: 1011
     0 | D:1      | 0 ||| qw: Always use a shield: true
     0 | D:1      | 0 ||| qw: God list: Okawaru
     0 | D:1      | 0 ||| qw: Allow faded altars: false
     0 | D:1      | 0 ||| qw: Do Orc after D:15 true
     0 | D:1      | 0 ||| qw: Do second Lair branch before Depths: true
     0 | D:1      | 0 ||| qw: Lair rune preference: random
     0 | D:1      | 0 ||| qw: Plans: Normal, Zot:1-4, Slime:5, God:TSO, Crypt,
                  | Tomb, Pan, Hells, Abyss, Win
     0 | D:1      | 0 ||| PLANNING D:1-11
    67 | D:1      | 67 ||| Stepping ~*~*~tactically~*~*~ (stealth).
    74 | D:1      | Reached skill level 2 in Axes
   210 | D:1      | Reached XP level 2. HP: 19/19 MP: 2/2
   504 | D:1      | 504 ||| READING scroll labelled RUXZEMI UVAAFU.
   505 | D:1      | 505 ||| READING 2 scrolls labelled ZEEGUL TUPAS.
   569 | D:2      | Reached skill level 3 in Axes
   607 | D:2      | Reached XP level 3. HP: 20/23 MP: 3/3
   608 | D:2      | 608 ||| Stepping ~*~*~tactically~*~*~ (stealth).
   914 | D:2      | Reached XP level 4. HP: 26/28 MP: 4/4
   971 | D:2      | Reached skill level 4 in Axes
  1216 | D:2      | 1216 ||| READING scroll labelled ZUNTIQ EXOR.
  1217 | D:2      | 1217 ||| READING scroll labelled VAFAOT ESCHU.
  1237 | D:2      | 1237 ||| READING scroll labelled VUTUSH ZA ROHA.
  1238 | D:2      | 1238 ||| READING scroll labelled COOCHOUSUS.
  1239 | D:2      | 1239 ||| DRINKING 3 ruby potions.
  1240 | D:2      | 1240 ||| DRINKING 2 lumpy purple potions.
  1241 | D:2      | 1241 ||| READING 4 scrolls of identify.
  1241 | D:2      | 1241 ||| IDENTIFYING smoky red potion
  1242 | D:2      | 1242 ||| READING 3 scrolls of identify.
  1242 | D:2      | 1242 ||| IDENTIFYING fizzy cyan potion
  1243 | D:2      | 1243 ||| READING 2 scrolls of identify.
  1243 | D:2      | 1243 ||| IDENTIFYING fuming amethyst potion
  1244 | D:2      | 1244 ||| DROPPING potion of brilliance.
  1245 | D:2      | 1245 ||| DROPPING potion of magic.
  1246 | D:2      | 1246 ||| DROPPING potion of invisibility.
  1257 | D:3      | Identified the +0 leather armour of Siumenlig {rF+ rN+
                  | Int+3}
  1286 | D:3      | 1286 ||| DROPPING +0 club.
  1311 | D:3      | Noticed Grinder
  1311 | D:3      | Paralysed by Grinder for 3 turns
  1314 | D:3      | 1314 ||| Stepping ~*~*~tactically~*~*~ (hiding).
  1319 | D:3      | Paralysed by Grinder for 3 turns
  1322 | D:3      | 1322 ||| Stepping ~*~*~tactically~*~*~ (hiding).
  1328 | D:3      | HP: 5/28 [constriction (7)]
  1329 | D:3      | 1329 ||| READING scroll of teleportation.
  1330 | D:3      | Constricted to death by Grinder

Levels and vault maps discovered:
D:1:      amcnicky_arrival_choice, layout_rooms
D:2:      layout_basic
D:3:      cheibrodos_fertilizer, layout_basic, led_sif_book, serial_forest,
          infiniplex_forest_zigzag_1, infiniplex_forest_clump_small,
          infiniplex_forest_lined_2, infiniplex_forest_clump_small,
          infiniplex_forest_lined_ring, uniq_grinder

Skill      XL: |  1  2  3  4 |
---------------+-------------+-----
Axes           | 2 3 4 |  4.0
Fighting       | |  3.2
Armour         | |  3.2
Shields        | |  3.2

Action                     |  1- 3 |  4- 6 || total
---------------------------+-------+-------++-------
  Melee: War axe           |   111 |    20 ||   131
    Use: Scroll            |     2 |     8 ||    10
         Potion            |       |     2 ||     2
 Armour: Scale mail        |    49 |     5 ||    54
  Dodge: Dodged            |    55 |     5 ||    60
  Block: Buckler           |    19 |     1 ||    20

Table legend:
 A = Non-vault XP
 B = Vault XP
 C = Vault XP percentage of total XP
 D = Non-vault monster count
 E = Vault monster count
 F = Vault count percentage of total count
                 A         B        C        D         E       F
            +---------+---------+-------+---------+---------+-------
      Total |     109 |       0 |   0.0 |      39 |       0 |   0.0
            +---------+---------+-------+---------+---------+-------
        D:1 |      26 |       0 |   0.0 |      14 |       0 |   0.0
        D:2 |      80 |       0 |   0.0 |      24 |       0 |   0.0
        D:3 |       3 |       0 |   0.0 |       1 |       0 |   0.0
            +---------+---------+-------+---------+---------+-------
